 Dungeon Crawl Stone Soup version 0.26-a0-651-gb41185065b (webtiles) character file.

Game seed: 11718390179274446894

48 Lanoc the Shield-Bearer (level 3, 0/26 HPs)
             Began as an Octopode Fighter on Oct 5, 2020.
             Slain by an orc
             ... wielding a +0 trident
              (8 damage)
             ... on level 3 of the Dungeon.
             The game lasted 00:01:07 (1011 turns).

Lanoc the Shield-Bearer (Octopode Fighter)          Turns: 1011, Time: 00:01:07

Health: 0/26       AC:  1    Str: 15    XL:     3   Next: 72%
Magic:  3/3        EV: 12    Int: 10    God:
Gold:   108        SH: 13    Dex: 12    Spells: 2/2 levels left

rFire    . . .     SeeInvis .   a - +0 war axe
rCold    . . .     Faith    .   b - +0 kite shield
rNeg     . . .     Spirit   .   (helmet restricted)
rPois    .         Reflect  +   g - amulet of reflection
rElec    .         Harm     .   (no ring)
rCorr    .         Rampage  .   (no ring)
MR       .....                  (no ring)
Stlth    ++........             (no ring)
HPRegen  0.08/turn              (no ring)
MPRegen  0.08/turn              (no ring)
                                (no ring)
                                (no ring)

@: lethally poisoned (0 -> -2)
A: almost no armour, stealthy swim, amphibious, 8 rings, constrict 8, camouflage
1, gelatinous body 1
a: no special abilities


You were on level 3 of the Dungeon.
You visited 1 branch of the dungeon, and saw 3 of its levels.

You collected 108 gold pieces.

Inventory:

Hand Weapons
 a - a +0 war axe (weapon)
Armour
 b - a +0 kite shield (worn)
Jewellery
 g - an amulet of reflection (around mantle)
Scrolls
 d - a scroll of enchant armour {unknown}
 e - a scroll of immolation {unknown}
 h - a scroll of remove curse {unknown}
Potions
 c - a potion of might
 f - a potion of flight {unknown}


   Skills:
 + Level 3.3 Fighting
 * Level 2.9 Axes
 + Level 3.3 Dodging
 + Level 3.3 Shields


You had 2 spell levels left.
You didn't know any spells.
Your spell library was empty.

Dungeon Overview and Level Annotations

Branches:
Dungeon (3/15)

Altars:
Yredelemnul


Innate Abilities, Weirdness & Mutations

You cannot wear most types of armour.
You are very stealthy in the water. (Stealth+)
You are amphibious.
You can wear up to eight rings at the same time.
You can use your tentacles to constrict eight enemies at once.
Your skin changes colour to match your surroundings (Stealth+).
Your rubbery body absorbs attacks. (AC +1, EV +1)


Message History

You are poisoned.
The adder poisons you!
The orc hits you from afar with a +0 trident.
The adder completely misses you.
You are too injured to fight recklessly!
You barely miss the adder. You grab the adder. You hit the jackal.
You constrict the adder.
You feel sick. The jackal closely misses you. You block the adder's attack.
The orc closely misses you. You block the jackal's attack.
You block the adder's attack.
You slash the adder!
The adder is severely wounded.
You barely miss the jackal. You constrict the adder.
You kill the adder!
The jackal bites you but does no damage.
The orc closely misses you. The jackal bites you.
The orc hits you but does no damage. The jackal barely misses you.
You barely miss the orc. Your grab misses the orc. You closely miss the jackal.
You feel sick. You block the jackal's attack. You block the orc's attack.
The jackal misses you. The orc hits you with a +0 trident!
You die...

. .# #.# #..#
### ...
...#######.####.
.!..............
##..o@....#
#.....h.#####
#.##<......... #
####.....#.
...#.# ##.# ..
.# . .. ..


You could see an orc and a jackal.

Vanquished Creatures
  2 adders
  A worm (D:2)
  2 dart slugs
  A goblin (D:2)
  3 hobgoblins
  2 jackals (D:1)
  5 kobolds
  A quokka (D:2)
  A bat (D:1)
  4 frilled lizards (D:1)
  3 rats
25 creatures vanquished.

Notes
Turn   | Place    | Note
-------+----------+-------------------------------------------
     0 | D:1      | Lanoc the Octopode Fighter began the quest for the Orb.
     0 | D:1      | Reached XP level 1. HP: 16/16 MP: 1/1
   153 | D:1      | Reached XP level 2. HP: 5/21 MP: 2/2
   607 | D:2      | Found a basalt altar of Yredelemnul.
   870 | D:2      | Reached XP level 3. HP: 26/26 MP: 3/3
  1011 | D:3      | Slain by an orc

Illustrated notes

Levels and vault maps discovered:
D:1:      lemuel_arrival_room, layout_basic
D:2:      layout_basic, lemuel_crystal_altar
D:3:      layout_rooms, lemuel_doored_altar

Action                   || total
-------------------------++-------
Melee: War axe           ||    53
       Constrict         ||    13
       Tentacles         ||     7
 Stab: Sleeping          ||     7
Armor: Skin              ||     3
Dodge: Dodged            ||    25
Block: Kite shield       ||    23

Table legend: (Time is in decaauts)
 A = Elapsed time spent in this place.
 B = Non-inter-level travel time spent in this place.
 C = Inter-level travel time spent in this place.
 D = Time resting spent in this place.
 E = Time spent auto-exploring this place.
 F = Levels seen in this place.
 G = Mean time per level.
                   A        B        C        D        E       F      G
               +--------+--------+--------+--------+--------+-----+--------+
         Total |   1034 |   1022 |     12 |    224 |    629 |   3 |  344.7 |
       Dungeon |   1034 |   1022 |     12 |    224 |    629 |   3 |  344.7 |
               +--------+--------+--------+--------+--------+-----+--------+

Top non-repeatable levels by time:
     D:1: 571 daAuts
     D:2: 451 daAuts
     D:3: 11 daAuts
